Map: Ruins of Seras

Players

lIIlllllIIII (HuK)

  • Race: Protoss Protoss
  • League: Grandmaster

Shura (Scarlett) - Winner!

  • Race: Zerg Zerg
  • League: Grandmaster

Event: Team Gravity's Fight Night #39

VOD

Have the link to the VOD?

Description

Time

  • Played on: Nov. 20, 2015, 9:28 p.m.
  • Length: 12:50

All games in this series

Show
View Real Time Build Order
Export as new Build Order

lIIlllllIIII Protoss 

Build Orders: 1 Gate Expand 

Get SALT Encoding   

  12  0:01  Probe (Chrono Boost)  
  13  0:11  Probe (Chrono Boost)  
  14  0:18  Pylon  
  14  0:22  Probe (Chrono Boost)  
  15  0:36  Probe (Chrono Boost)  
  15  0:38  Gateway  
  16  0:43  Assimilator  
  16  0:46  Probe (Chrono Boost)  
  17  0:57  Probe (Chrono Boost)  
  18  1:08  Probe (Chrono Boost)  
  19  1:18  Probe (Chrono Boost)  
  20  1:25  Nexus  
  20  1:34  Cybernetics Core  
  20  1:37  Probe (Chrono Boost)  
  21  1:43  Assimilator  
  21  1:47  Probe (Chrono Boost)  
  22  1:55  Pylon  
  22  1:58  Probe (Chrono Boost)  
  23  2:10  Warp Gate  
  23  2:13  Adept (Chrono Boost)  
  27  2:26  Probe (Chrono Boost)  
  27  2:27  Robotics Facility  
  26  2:38  Sentry, Probe x2 (Chrono Boost)  
  30  2:44  Assimilator  
  30  2:48  Probe (Chrono Boost)  
  30  2:49  Probe (Chrono Boost)  
  32  3:00  Mothership Core (Chrono Boost)  
  32  3:03  Probe (Chrono Boost)  
  35  3:10  Gateway  
  35  3:13  Probe (Chrono Boost)  
  35  3:19  Probe (Chrono Boost)  
  37  3:24  Probe (Chrono Boost)  
  37  3:26  Robotics Bay  
  38  3:30  Assimilator  
  38  3:31  Probe (Chrono Boost)  
  39  3:38  Warp Prism  
  39  3:40  Probe (Chrono Boost)  
  42  3:45  Probe (Chrono Boost)  
  43  3:51  Probe (Chrono Boost)  
  44  3:56  Probe (Chrono Boost)  
  44  3:58  Gateway  
  44  4:00  Pylon  
  45  4:03  Probe (Chrono Boost)  
  46  4:16  Gateway  
  46  4:18  Pylon, Gravitic Drive  
  46  4:19  Probe (Chrono Boost)  
  47  4:26  Probe (Chrono Boost)  
  47  4:29  Probe (Chrono Boost), Disruptor (Chrono Boost)  
  52  4:31  Sentry  
  52  4:37  Probe  
  55  4:40  Probe  
  55  4:41  Pylon  
  56  4:46  Pylon  
  56  4:53  Probe  
  57  5:01  Disruptor (Chrono Boost)  
  60  5:07  Nexus  
  60  5:09  Pylon  
  60  5:11  Probe  
  61  5:16  Twilight Council  
  61  5:19  Probe  
  62  5:36  Observer (Chrono Boost)  
  62  5:39  Blink (Chrono Boost)  
  62  5:41  Probe  
  62  5:42  Stalker x2  
  64  5:43  Stalker x2  
  70  5:53  Pylon  
  70  5:55  Pylon  
  70  5:57  Forge  
  70  6:00  Probe (Chrono Boost)  
  70  6:02  Probe (Chrono Boost)  
  72  6:08  Stalker x2  
  72  6:09  Sentry  
  72  6:11  Probe (Chrono Boost)  
  79  6:17  Protoss Ground Weapons Level 1 (Chrono Boost)  
  79  6:18  Probe (Chrono Boost)  
  80  6:20  Pylon  
  80  6:22  Probe (Chrono Boost)  
  80  6:23  Probe (Chrono Boost)  
  80  6:25  Disruptor (Chrono Boost)  
  74  6:30  Pylon  
  77  6:33  Probe  
  77  6:39  Stalker x3  
  84  6:44  Stalker  
  86  6:53  Probe  
  86  6:54  Probe x2  
  92  7:06  Probe x2  
  94  7:12  Warp Prism (Chrono Boost)  
  94  7:15  Photon Cannon  
  93  7:16  Photon Cannon  
  93  7:17  Gateway x2  
  93  7:19  Gateway, Pylon  
  90  7:36  Probe  
  91  7:37  Photon Cannon  
  91  7:38  Probe  
  91  7:39  Photon Cannon  
  91  7:41  Pylon  
  91  7:42  Probe  
  91  7:43  Assimilator  
  93  7:44  Disruptor (Chrono Boost)  
  93  7:45  Assimilator  
  96  7:52  Probe  
  97  7:59  Stalker x4  
  97  8:05  Gateway  
  105  8:06  Pylon  
  105  8:25  Stalker x5  
  105  8:26  Stalker  
  105  8:27  Mothership Core  
  117  8:28  Observer (Chrono Boost)  
  118  8:38  Pylon  
  118  8:40  Pylon  
  118  8:42  Pylon  
  118  8:56  Pylon  
  118  9:02  Disruptor (Chrono Boost)  
  121  9:07  Stalker x7  
  121  9:09  Stalker  
  137  9:14  Dark Shrine  
  129  9:37  Photon Cannon  
  132  9:39  Pylon x2  
  132  9:42  Photon Cannon  
  132  9:43  Zealot x2  
  132  9:44  Zealot, Photon Cannon  
  138  9:49  Zealot x3  
  138  9:51  Zealot  
  143  9:58  Zealot  
  143  10:13  Stalker  
  143  10:14  Stalker  
  117  10:27  Stalker x3  
  102  10:36  Disruptor (Chrono Boost)  
  94  10:44  Stalker x2  
  94  10:45  Stalker x2  
  84  10:54  Probe x2  
  84  11:02  Sentry x3  
  90  11:07  Disruptor (Chrono Boost)  
  81  11:23  Sentry x4  
  82  11:29  Probe  
  83  11:38  Disruptor (Chrono Boost)  
  82  11:42  Probe  
  71  11:57  Pylon  
  71  12:00  Probe (Chrono Boost)  
  73  12:04  Stalker x3  
  75  12:13  Dark Shrine  
  75  12:20  Probe (Chrono Boost)  
Show
View Real Time Build Order
Export as new Build Order

Shura Zerg - Winner!

Build Orders: Hatch First 

Get SALT Encoding   

  12  0:01  Drone  
  13  0:13  Overlord  
  13  0:18  Drone  
  14  0:31  Drone  
  14  0:32  Drone  
  16  0:35  Drone  
  17  0:55  Hatchery  
  17  0:56  Drone  
  17  1:09  Spawning Pool  
  16  1:12  Drone  
  16  1:16  Drone  
  18  1:19  Drone  
  19  1:30  Drone  
  20  1:44  Hatchery  
  20  1:45  Drone  
  20  1:56  Queen  
  22  2:07  Drone  
  22  2:08  Zergling x2  
  24  2:09  Queen  
  26  2:18  Overlord  
  26  2:19  Drone  
  26  2:20  Drone  
  28  2:27  Extractor  
  28  2:28  Drone  
  28  2:38  Drone x2  
  28  2:43  Overlord, Queen  
  32  2:49  Queen  
  34  2:56  Zergling x2  
  34  2:57  Zergling x2  
  36  3:08  Drone x5  
  41  3:14  Queen  
  43  3:20  Drone x3  
  43  3:24  Drone  
  43  3:26  Drone  
  48  3:33  Drone x2  
  50  3:39  Lair  
  50  3:44  Overlord  
  50  3:47  Drone, Extractor  
  50  3:53  Extractor  
  50  3:55  Drone x2, Overlord, Extractor  
  50  4:04  Drone  
  50  4:05  Drone x7  
  58  4:10  Overlord  
  58  4:13  Overlord  
  58  4:27  Metabolic Boost  
  58  4:30  Drone  
  58  4:31  Drone x8  
  67  4:39  Drone  
  67  4:40  Hydralisk Den  
  67  4:41  Overseer  
  67  4:43  Drone x3  
  70  4:55  Spine Crawler x2  
  67  5:07  Zergling x6  
  68  5:08  Hydralisk x4, Zergling x8  
  68  5:12  Overlord  
  78  5:30  Drone x2, Spire  
  77  5:36  Muscular Augments  
  77  5:37  Drone x5  
  77  5:38  Drone x6  
  77  5:41  Extractor  
  87  5:43  Extractor  
  86  5:54  Hydralisk  
  86  5:56  Hydralisk  
  88  5:59  Overlord x3  
  88  6:00  Overlord  
  90  6:19  Hydralisk x3  
  96  6:27  Drone x4  
  96  6:31  Overlord  
  96  6:32  Overlord  
  100  6:42  Mutalisk x7  
  100  6:43  Hatchery  
  113  6:48  Drone x4  
  117  6:54  Zerg Flyer Weapons Level 1  
  117  6:59  Drone x2  
  117  7:00  Drone x2  
  121  7:02  Mutalisk x2  
  125  7:14  Mutalisk  
  125  7:15  Mutalisk  
  129  7:16  Overlord x2  
  129  7:17  Overlord  
  129  7:27  Evolution Chamber  
  128  7:30  Mutalisk x2  
  128  7:31  Overlord  
  128  7:32  Drone x5  
  128  7:34  Hatchery  
  136  7:37  Zergling x2  
  136  7:38  Zergling x2  
  136  7:39  Zergling x2  
  139  7:45  Extractor  
  139  7:48  Extractor  
  139  7:50  Mutalisk x4  
  145  7:53  Overlord x2  
  145  7:55  Drone x3  
  145  7:56  Drone x2  
  145  7:57  Drone  
  151  8:03  Drone  
  151  8:04  Drone x3  
  155  8:12  Zerg Melee Weapons Level 1  
  155  8:17  Mutalisk x3  
  155  8:19  Zergling x18  
  166  8:34  Mutalisk x3  
  168  8:47  Hatchery  
  167  8:55  Zerg Flyer Armor Level 1  
  167  8:57  Mutalisk x2, Spire  
  167  8:58  Overlord x2  
  167  9:02  Overseer x2  
  170  9:10  Mutalisk x2  
  170  9:12  Zergling x8  
  170  9:13  Zergling x18  
  185  9:28  Extractor x2  
  185  9:30  Mutalisk  
  185  9:31  Mutalisk x3  
  185  9:33  Extractor  
  185  9:35  Mutalisk  
  185  9:37  Extractor  
  191  9:48  Evolution Chamber  
  190  9:59  Spine Crawler  
  186  10:00  Spine Crawler  
  177  10:11  Mutalisk x7  
  177  10:12  Mutalisk  
  159  10:27  Mutalisk x2  
  159  10:28  Mutalisk x2  
  153  10:32  Mutalisk  
  153  10:35  Zergling x36  
  159  10:44  Mutalisk x3  
  157  10:53  Mutalisk  
  152  11:02  Mutalisk x2  
  156  11:12  Mutalisk x3  
  151  11:44  Drone x6  
  151  11:50  Drone  
  151  11:51  Drone x7  
  151  11:53  Drone x4  
  163  12:19  Hatchery  

Tags
 
Add a new tag
Caveats
  • Supply blocks, unpowered buildings, or Contaminate may cause inaccurate times.
  • Supply counts are checked every 10 seconds.